 Dungeon Crawl Stone Soup version 0.30-b1-2-g02819fbbbe (webtiles) character file.

Game seed: 18216073683418839218

40700 timruff4 the Brawler (level 13, -7/133 HPs)
             Began as a Troll Fighter on Nov 25, 2023.
             Was a High Priest of Wu Jian.
             Mangled by a ten-headed hydra (13 damage)
             ... on level 5 of the Lair of Beasts.
             The game lasted 01:05:36 (16379 turns).

timruff4 the Brawler (Troll Fighter)               Turns: 16379, Time: 01:05:37

Health: -7/133     AC: 10    Str: 34    XL:     13   Next: 76%
Magic:  12/12      EV: 15    Int:  2    God:    Wu Jian [*****.]
Gold:   885        SH: 12    Dex:  9    Spells: 12/12 levels left

rFire   + .          .
                       - Unarmed
rCold   + . .        b - +2 kite shield
rNeg    . . .        K - +0 acid dragon scales
rPois   .            L - +1 hat "Qinocleo" {rF++ Str+3 Int-2 Stlth+}
rElec   .            C - +0 cloak
rCorr   +            (gloves unavailable)
SInv    .            (boots unavailable)
Will    +....        (no amulet)
Stlth   +            q - ring of ice
HPRegen 1.22/turn    x - ring of willpower
MPRegen 0.13/turn

%: no passive effects
@: in a heavenly storm, glowing
A: large, unfitting armour, claws 3, regeneration 1, shaggy fur 1, tough skin 1
a: Renounce Religion, Wall Jump, Serpent's Lash, Heavenly Storm


You were on level 5 of the Lair of Beasts.
You worshipped Wu Jian.
Wu Jian was extremely pleased with you.
You visited 4 branches of the dungeon, and saw 17 of its levels.
You also visited: Bailey.

You collected 885 gold pieces.

Inventory:

Hand Weapons
 o - the +3 dagger "Soetul" {drain, Int+2 Dex+3}
   (You found it on level 3 of the Dungeon)

   Int:       It affects your intelligence (+2).
   Dex:       It affects your dexterity (+3).
Missiles
 z - 5 throwing nets (quivered)
Armour
 b - a +2 kite shield (worn)
 C - a +0 cloak (worn)
 K - +0 acid dragon scales (worn)
 L - the +1 hat "Qinocleo" (worn) {rF++ Str+3 Int-2 Stlth+}
   (You found it on level 9 of the Dungeon)

   Str:       It affects your strength (+3).
   Int:       It affects your intelligence (-2).
   rF:        It greatly protects you from fire.
   Stlth:     It makes you more stealthy.
 Q - an orb of mayhem
Jewellery
 g - a ring of protection from cold
 q - a ring of ice (left claw)
 r - a ring of wizardry
 x - a ring of willpower (right claw)
 y - a ring of flight
Wands
 k - a wand of charming (40)
 m - a wand of quicksilver (22)
 p - a wand of flame (78)
 A - a wand of roots (28)
 H - a wand of mindburst (10)
Scrolls
 e - 2 scrolls of fog
 l - a scroll of butterflies {unknown}
 n - a scroll of brand weapon {unknown}
 s - 2 scrolls of magic mapping
 t - 4 scrolls of amnesia {unknown}
 u - a scroll of vulnerability {unknown}
 v - 2 scrolls of immolation {unknown}
 E - a scroll of enchant weapon {unknown}
 F - a scroll of acquirement {unknown}
 J - a scroll of noise {unknown}
 M - 2 scrolls of blinking {unknown}
 N - a scroll of fear {unknown}
Potions
 c - 3 potions of might
 d - 3 potions of magic
 f - 2 potions of brilliance
 h - 3 potions of flight
 i - 3 potions of cancellation
 j - 2 potions of heal wounds
 w - 2 potions of curing
 B - a potion of degeneration {unknown}
 D - a potion of berserk rage
 G - 3 potions of invisibility {unknown}
 I - 2 potions of lignification {unknown}
Miscellaneous
 O - a piece from Xom's chessboard (15/15)
 P - a condenser vane


   Skills:
 + Level 9.9 Fighting
 + Level 8.5 Dodging
 + Level 10.7 Shields
 * Level 15.8 Unarmed Combat


You had 12 spell levels left.
You didn't know any spells.
Your spell library contained the following spells:

 Spells                   Type           Power      Damage    Failure   Level
 Magic Dart               Conj           0%         1d3       75%         1
 Shock                    Conj/Air       0%         1d3       75%         1
 Blink                    Tloc           0%         N/A       86%         2
 Call Imp                 Summ           0%         N/A       86%         2
 Ensorcelled Hibernation  Hex/Ice        0%         N/A       86%         2
 Lesser Beckoning         Tloc           0%         N/A       86%         2
 Momentum Strike          Conj/Tloc      0%         3d8       86%         2
 Passwall                 Tmut/Erth      0%         N/A       86%         2
 Call Canine Familiar     Summ           0%         N/A       98%         3
 Mephitic Cloud           Conj/Pois/Air  0%         N/A       98%         3
 Portal Projectile        Hex/Tloc       0%         N/A       98%         3
 Spider Form              Tmut/Pois      0%         N/A       98%         3
 Swiftness                Air            0%         N/A       98%         3
 Tukima's Dance           Hex            0%         N/A       98%         3
 Airstrike                Air            0%         2d(0-16)  100%        4
 Anguish                  Hex/Necr       0%         N/A       100%        4
 Leda's Liquefaction      Hex/Erth       0%         N/A       100%        4
 Summon Lightning Spire   Summ/Air       0%         N/A       100%        4
 Blade Hands              Tmut           0%         N/A       100%        5
 Silence                  Hex/Air        0%         N/A       100%        5
 Conjure Ball Lightning   Conj/Air       0%         3x3d6     100%        6
 Dispersal                Tloc           0%         N/A       100%        6
 Maxwell's Capacitive Co  Air            0%         ∞         100%        8
 Chain Lightning          Conj/Air       0%         N/A       100%        9
 Fire Storm               Conj/Fire      0%         5d1       100%        9
 Shatter                  Erth           0%         3d5*      100%        9


Dungeon Overview and Level Annotations

Branches:
Dungeon (10/15)            Temple (1/1) D:6            Lair (5/5) D:8
 Shoals (1/4) Lair:2        Snake (0/4) Lair:3       Bailey (visited)
  Slime: Lair:4-5       Orc: D:9-12

Altars:
Ashenzari
Cheibriados
Dithmenos
Elyvilon
Fedhas
Gozag
Hepliaklqana
Kikubaaqudgha
Makhleb
Nemelex Xobeh
Okawaru
Qazlal
Ru
Sif Muna
Trog
Uskayaw
Vehumet
Wu Jian
Xom
Yredelemnul
Zin
The Shining One

Shops:
D:3 (   D:10 *

Annotations:
D:10 3 runed translucent doors, kosdos2's ghost, journeyman FoFi


Innate Abilities, Weirdness & Mutations

You are too large for most types of armour.
You have claws for hands.
Your natural rate of healing is unusually fast.
You are covered in fur. (AC +1)
You have tough skin. (AC +1)


Message History

* * * LOW HITPOINT WARNING * * *
The ten-headed hydra barely misses you.
The ten-headed hydra bites you but does no damage.
Items here: †††††.
The air is filled with shimmering golden clouds!
Sifu Xiang Ba says: The storm will not cease as long as you keep fighting, disciple!
You hear a howl!
You hear an angry growl. x3
You block the ten-headed hydra's attack. x2
The ten-headed hydra bites you but does no damage.
The ten-headed hydra completely misses you.
The ten-headed hydra bites you but does no damage.
The ten-headed hydra bites you.
* * * LOW HITPOINT WARNING * * *
The ten-headed hydra closely misses you.
You block the ten-headed hydra's attack.
The ten-headed hydra barely misses you. The ten-headed hydra bites you!
* * * LOW HITPOINT WARNING * * *
The polar bear bites you but does no damage.
The polar bear claws you but does no damage. x2
Unknown command.
You hear a bark!
Things that are here:
a polar bear corpse; a black bear corpse You scratch the ten-headed hydra.
The ten-headed hydra is lightly wounded.
You hear an angry growl.
The ten-headed hydra bites you.
* * * LOW HITPOINT WARNING * * *
The ten-headed hydra bites you.
* * * LOW HITPOINT WARNING * * *
The ten-headed hydra closely misses you.
The ten-headed hydra completely misses you.
You block the ten-headed hydra's attack.
The ten-headed hydra bites you.
* * * LOW HITPOINT WARNING * * *
The ten-headed hydra bites you.
* * * LOW HITPOINT WARNING * * *
The ten-headed hydra bites you but does no damage.
The ten-headed hydra bites you!
You die... ## .# . ... ##.#... . hhh

##....... . ...h ##...... .
..... #....# . .h.## #..# ...
##.!.###☼☼####### #...
.##...h#h§§h#§§☼#.##### P....
h...h.h.#.§hD@§§.#....###P....
.###....#§#§h§§§.......#P.....
#(...#.##§#§#§#†....#.......
#.#..#P##########...#P...... #
#.### ####...P.... ##
##....#... ##...P.....
####P.........
###.............


You could see a ten-headed hydra, a polar bear and 2 black bears.

Vanquished Creatures
  Gastronok (Lair:1)
  The ghost of manyhoops the Covert, a journeyman DgEE (Lair:2)
  Harold (Lair:1)
  A boulder beetle (Lair:4)
  A two-headed ogre (D:9)
  A catoblepas (Lair:4)
  3 skysharks
  2 fire crabs (Lair:4)
  Pikel (D:6)
  The ghost of Vorhees the Skirmisher, a novice SpHu (D:7)
  A deep elf pyromancer (D:9)
  13 elephants
  4 black mambas
  9 cane toads
  5 rime drakes
  2 komodo dragons
  4 polar bears
  15 blink frogs
  Grinder (D:6)
  A hornet (D:7)
  5 wyverns
  A wraith (D:10)
  45 yaks
  4 shadows
  2 basilisks (Lair:4)
  Eustachio (D:5)
  A warg (Lair:5)
  3 nagas (Lair:3)
  An acid dragon (D:10)
  Edmund (D:6)
  12 water moccasins
  6 hell hounds (Lair:5)
  A swamp drake (D:9)
  10 orc warriors
  A sky beast (D:7)
  8 black bears
  An ogre (D:5)
  6 centaurs
  19 wolves
  A phantom (D:6)
  3 kobold brigands
  A gnoll sergeant (D:10)
  20 bullfrogs
  4 scorpions
  6 wights (D:7)
  7 killer bees (D:7)
  4 howler monkeys
  A crimson imp (D:9)
  3 hounds (D:6)
  2 jellies
  A gnoll bouda (D:5)
  5 orc priests
  A sleepcap (D:6)
  An iron imp (D:9)
  Ijyb (D:5)
  6 iguanas
  10 orc wizards
  7 adders
  12 gnolls
  A shadow imp (D:9)
  A white imp (D:9)
  A worm (D:2)
  A dart slug (D:2)
  39 orcs
  5 endoplasms
  A giant cockroach (D:3)
  6 hobgoblins
  9 jackals
  23 kobolds
  4 quokkas
  9 ball pythons
  14 bats
  3 frilled lizards
  5 goblins
  3 rats
417 creatures vanquished.

Vanquished Creatures (others)
  An orc wizard (D:9)
  An orc (D:9)
  31 fungi
  71 plants
104 creatures vanquished.

Grand Total: 521 creatures vanquished

Notes
Turn   | Place    | Note
-------+----------+-------------------------------------------
     0 | D:1      | timruff4 the Troll Fighter began the quest for the Orb.
     0 | D:1      | Reached XP level 1. HP: 22/22 MP: 0/0
   308 | D:1      | Reached XP level 2. HP: 29/29 MP: 1/1
  1227 | D:2      | Reached XP level 3. HP: 26/36 MP: 2/2
  1260 | D:2      | Reached skill level 3 in Unarmed Combat
  1782 | D:1      | Reached XP level 4. HP: 23/44 MP: 3/3
  2090 | D:3      | Identified the +3 dagger "Soetul" {drain, Int+2 Dex+3}
  2321 | D:3      | Found a stormy altar of Qazlal.
  2389 | D:3      | Found Duekechox's Weapon Shoppe.
  2445 | D:3      | Found a shimmering blue altar of Sif Muna.
  3007 | D:4      | Noticed a bullfrog
  3025 | D:4      | Killed a bullfrog
  3026 | D:4      | Reached skill level 4 in Unarmed Combat
  3026 | D:4      | Reached XP level 5. HP: 50/53 MP: 4/4
  3352 | D:4      | Identified the +0 buckler "Boummonk" {-Cast rElec rC++
                  | Will+}
  3527 | D:4      | Found a hide-covered altar of Uskayaw.
  3752 | D:5      | Entered Level 5 of the Dungeon
  3764 | D:5      | Noticed Ijyb
  3776 | D:5      | Killed Ijyb
  3777 | D:5      | Reached XP level 6. HP: 43/61 MP: 5/5
  3875 | D:5      | Reached skill level 5 in Unarmed Combat
  4065 | D:5      | Noticed Eustachio
  4090 | D:5      | Killed Eustachio
  4091 | D:5      | Reached XP level 7. HP: 28/67 MP: 6/6
  4139 | D:5      | Got the Folio of the Lungs and the Vector
  4182 | D:5      | Reached skill level 6 in Unarmed Combat
  4814 | D:6      | Noticed Edmund
  4833 | D:6      | Killed Edmund
  4834 | D:6      | Reached skill level 5 in Shields
  4834 | D:6      | Reached XP level 8. HP: 71/79 MP: 0/7
  4919 | D:6      | Reached skill level 7 in Unarmed Combat
  5119 | D:6      | Identified the +11 spear of a wizard's laboratory {heavy,
                  | rF+ rC- Str+5}
  5166 | D:6      | Noticed Pikel
  5183 | D:6      | Killed Pikel
  5184 | D:6      | Reached skill level 5 in Fighting
  5184 | D:6      | Reached skill level 8 in Unarmed Combat
  5659 | D:6      | Reached XP level 9. HP: 88/88 MP: 8/8
  5818 | D:6      | Noticed Grinder
  5818 | D:6      | Paralysed by Grinder for 5 turns
  5839 | D:6      | Killed Grinder
  5888 | D:6      | Found a staircase to the Ecumenical Temple.
  5927 | Temple   | Entered the Ecumenical Temple
  6105 | D:7      | Reached skill level 9 in Unarmed Combat
  6391 | D:7      | Found an ornate altar of the Wu Jian Council.
  6403 | D:7      | Became a worshipper of the Wu Jian Council
  6407 | D:7      | Found a runed translucent gate.
  6407 | D:7      | Found a runed translucent gate.
  6407 | D:7      | Found a runed translucent gate.
  6411 | D:7      | Noticed Vorhees's ghost (novice SpHu)
  6431 | D:7      | Killed Vorhees's ghost
  6506 | D:7      | Reached skill level 10 in Unarmed Combat
  6747 | D:7      | Reached XP level 10. HP: 80/94 MP: 9/9
  6878 | D:7      | Reached * piety under Wu Jian
  7788 | D:8      | Found a staircase to the Lair.
  8165 | D:8      | Found a flagged portal.
  8180 | Bailey   | Entered a bailey
  8209 | Bailey   | Reached skill level 11 in Unarmed Combat
  8247 | Bailey   | Reached ** piety under Wu Jian
  8282 | Bailey   | Found a large runed translucent door.
  8282 | Bailey   | Found a large runed translucent door.
  8283 | Bailey   | Noticed a deep elf zephyrmancer
  8312 | Bailey   | Noticed an orc knight
  8573 | D:8      | Reached skill level 5 in Dodging
  8883 | D:9      | Got the Dissertation on Airy Changing
  8996 | D:9      | Reached XP level 11. HP: 107/109 MP: 10/10
  9499 | D:9      | Noticed a two-headed ogre
  9658 | Lair:1   | Entered Level 1 of the Lair of Beasts
  9953 | Lair:1   | Reached skill level 12 in Unarmed Combat
 10008 | Lair:1   | Reached *** piety under Wu Jian
 10054 | Lair:1   | Noticed Harold
 10131 | Lair:1   | Killed Harold
 10507 | Lair:1   | Noticed Gastronok
 10723 | D:9      | Killed a two-headed ogre
 10858 | D:9      | Noticed a deep elf pyromancer
 10883 | D:9      | Killed a deep elf pyromancer
 10889 | D:9      | Noticed a deep elf pyromancer
 10945 | D:10     | Entered Level 10 of the Dungeon
 10971 | D:10     | Found Igous's General Store.
 10993 | D:10     | Reached skill level 13 in Unarmed Combat
 11082 | D:10     | Found a shadowy altar of Dithmenos.
 11517 | D:10     | Found a runed translucent gate.
 11525 | D:10     | Found a runed translucent gate.
 11527 | D:10     | Found a runed translucent gate.
 11546 | D:10     | Noticed kosdos2's ghost (journeyman FoFi)
 11648 | D:9      | Reached **** piety under Wu Jian
 11681 | D:9      | Identified the +1 hat "Qinocleo" {rF++ Str+3 Int-2 Stlth+}
 11682 | D:9      | Identified the +2 hat "Jaideid" {rElec Regen+ MP-9}
 12092 | Lair:1   | Killed Gastronok
 12093 | Lair:1   | Reached XP level 12. HP: 86/120 MP: 11/11
 12429 | Lair:2   | Found a stormy altar of Qazlal.
 12503 | Lair:2   | Found a staircase to the Shoals.
 12514 | Shoals:1 | Entered Level 1 of the Shoals
 12514 | Shoals:1 | Noticed a merfolk avatar
 12711 | Lair:2   | Found a large runed translucent door.
 12711 | Lair:2   | Found a large runed translucent door.
 12712 | Lair:2   | Noticed manyhoops's ghost (journeyman DgEE)
 12723 | Lair:2   | Killed manyhoops's ghost
 12970 | Lair:2   | Reached skill level 14 in Unarmed Combat
 14260 | Lair:3   | Found a staircase to the Snake Pit.
 14446 | Lair:4   | Reached XP level 13. HP: 59/131 MP: 12/12
 14694 | Lair:4   | Reached skill level 10 in Shields
 14698 | Lair:4   | Reached ***** piety under Wu Jian
 15016 | Lair:4   | Identified the +2 ring mail of the Hidden Vale {Dex+2}
 15102 | Lair:4   | Reached skill level 15 in Unarmed Combat
 15112 | Lair:4   | Identified the +1 war axe "Zogolegh" {flame, *Corrode rC+
                  | rN+ Str+3 Int+3}
 15161 | Lair:4   | You fall into a shaft and drop 1 floor!
 15161 | Lair:5   | Entered Level 5 of the Lair of Beasts
 16379 | Lair:5   | HP: 6/133 [ten-headed hydra (3)]
 16379 | Lair:5   | Mangled by a ten-headed hydra

Illustrated notes

Levels and vault maps discovered:
D:1:      kilobyte_arrival_exit_the_forest, layout_basic,
          minmay_misc_feat_tower, roderic_malta_cross, grunt_decor_arrowhead,
          minmay_cupped
D:2:      layout_rooms, minmay_crystal_water, minmay_pentomino_z2
D:3:      layout_basic, nicolae_sif_muna_little_library,
          nicolae_qazlal_scattered_showers, serial_shops, shop
D:4:      layout_basic, general_overflow_altar
D:5:      layout_basic, lexackson_kobold_supper, uniq_ijyb, uniq_eustachio
D:6:      layout_basic, minmay_temple_entry_hall, nicolae_lava_and_water,
          minivault_26, kennysheep_decorative_pillar, uniq_edmund, uniq_pikel,
          uniq_grinder
D:7:      layout_layer_cave, old_standard_altar, ebering_ghost_rock_garden,
          eino_jars
D:8:      layout_loops_ring, minmay_lair_entry_grove, enter_bailey_2
D:9:      layout_layer_cave, hangedman_minor_magic
D:10:     layout_grid_maze, grunt_dithmenos_smoke,
          gammafunk_ghost_nasty_kobolds, serial_shops, shop, roderic_batcave
Temple:   sentei_temple_godly_chess
Lair:1:   layout_cave_pods, lemuel_fruit_fields, uniq_harold, uniq_gastronok
Lair:2:   layout_big_grid, elwin_shoals_entry_rocks, basic_altar,
          ebering_ghost_disaster_area, serial_bayou_crossing,
          serial_bayou_shore_a, serial_bayou_shore_b,
          infiniplex_staircase_pool_2, lemuel_fruit_tree
Lair:3:   layout_regular_city, nicolae_snake_entry_squirm,
          grunt_forest_small_clearings
Lair:4:   nzn_winding_woodlands_stair_trap [nzn_winding_woodlands_5x15_garden,
          nzn_winding_woodlands_5x15_sidewinder,
          nzn_winding_woodlands_5x15_zeroes,
          nzn_winding_woodlands_15x15_boxy_spiral,
          nzn_winding_woodlands_5x15_split_checker,
          nzn_winding_woodlands_5x15_longhouse,
          nzn_winding_woodlands_5x15_pockets], layout_misc_corridors
Lair:5:   hangedman_lair_caniforms_friends, layout_gridlike, wormcave,
          dpeg_slime_entry_enclosed, gauntlet_entry_generic
Shoals:1: layout_shoals

Skill      XL: |  1  2  3  4  5  6  7  8  9 10 11 12 13 |
---------------+----------------------------------------+-----
Shields        | 3 4 5 6 7 9 10 | 10.7
Unarmed Combat | 3 4 5 6 8 10 11 13 14 15 | 15.8
Fighting       | 3 4 5 6 7 8 9 |  9.9
Dodging        | 3 5 6 7 8 |  8.5

Action                     |  1- 3 |  4- 6 |  7- 9 | 10-12 | 13-15 || total
---------------------------+-------+-------+-------+-------+-------++-------
  Melee: Unarmed           |   136 |   152 |   248 |   708 |   260 ||  1504
 Invoke: Serpent's Lash    |       |       |       |     1 |       ||     1
         Heavenly Storm    |       |       |       |       |     1 ||     1
Ability: Lunge             |       |       |     1 |    51 |    12 ||    64
         Whirlwind         |       |       |       |    22 |     9 ||    31
  Evoke: Condenser vane    |       |       |       |     1 |       ||     1
    Use: Scroll            |     1 |     4 |     6 |     8 |     2 ||    21
         Potion            |       |       |     3 |     1 |       ||     4
   Stab: Sleeping          |     1 |     1 |       |     1 |       ||     3
         Distracted        |       |       |       |       |     1 ||     1
 Armour: Robe              |    42 |    27 |    41 |    43 |       ||   153
         Acid dragon scale |       |       |       |    62 |    75 ||   137
  Dodge: Dodged            |    47 |    43 |    72 |   200 |   106 ||   468
  Block: Kite shield       |    43 |    50 |   105 |   300 |   145 ||   643
